Map: Odyssey LE

Players

Bly

  • Race: Zerg Zerg
  • Spawn Location: 5:00

Has - Winner!

  • Race: Protoss Protoss
  • Spawn Location: 11:00

Event: WCS Valencia 2017

VOD

Have the link to the VOD?

Description

Time

  • Played on: July 13, 2017, 3:22 p.m.
  • Length: 21:05

All games in this series

Show
View Real Time Build Order
Export as new Build Order

Bly Zerg 

Build Orders: Hatch First 

Get SALT Encoding   

  12  0:01  Drone  
  13  0:12  Overlord  
  13  0:21  Drone  
  14  0:31  Drone  
  14  0:32  Drone  
  16  0:48  Hatchery  
  15  0:53  Drone  
  16  1:06  Spawning Pool  
  16  1:09  Drone  
  16  1:13  Drone  
  17  1:21  Drone x2  
  19  1:26  Extractor  
  18  1:44  Overlord  
  18  1:53  Zergling x4  
  20  2:00  Queen x2  
  24  2:01  Zergling x2  
  24  2:04  Drone  
  26  2:10  Drone  
  26  2:13  Drone  
  28  2:21  Drone  
  29  2:25  Metabolic Boost, Drone  
  30  2:32  Drone  
  31  2:42  Drone  
  32  2:52  Hatchery  
  32  2:56  Drone x2  
  32  2:58  Overlord  
  33  3:05  Drone x2  
  34  3:17  Drone x3  
  34  3:18  Drone x2  
  39  3:20  Drone  
  40  3:29  Overlord  
  40  3:33  Drone x2  
  42  3:39  Queen  
  44  3:42  Extractor  
  44  3:47  Queen  
  45  3:48  Roach Warren  
  43  3:57  Drone x2  
  43  3:58  Drone x2  
  43  3:59  Overlord  
  47  4:13  Overlord x3  
  47  4:15  Pneumatized Carapace  
  47  4:31  Roach x7  
  61  4:38  Lair  
  61  4:40  Spore Crawler  
  60  4:47  Roach x4  
  68  4:55  Roach  
  68  4:56  Roach, Overlord  
  72  5:00  Overlord  
  72  5:04  Roach  
  74  5:09  Evolution Chamber  
  74  5:12  Spore Crawler  
  72  5:14  Drone x2  
  72  5:15  Drone  
  75  5:29  Drone x4  
  75  5:30  Overlord  
  75  5:31  Extractor  
  75  5:33  Overlord  
  75  5:34  Roach x2  
  75  5:35  Roach  
  84  5:38  Overseer  
  84  5:43  Glial Reconstitution  
  84  5:59  Drone x2  
  84  6:00  Overlord  
  84  6:01  Drone  
  87  6:09  Roach x4  
  95  6:20  Hatchery  
  95  6:23  Hatchery, Overlord  
  95  6:25  Extractor  
  92  6:26  Roach  
  94  6:34  Overseer  
  94  6:44  Drone  
  94  6:45  Overlord  
  94  6:46  Drone x3  
  98  6:51  Spire  
  98  6:52  Drone x3  
  100  7:09  Roach  
  100  7:10  Roach x7  
  115  7:23  Ravager x3  
  115  7:25  Evolution Chamber x2  
  116  7:37  Roach x6  
  116  7:42  Roach Warren  
  127  7:48  Overlord x2  
  127  7:57  Overlord  
  127  8:06  Queen  
  127  8:10  Evolution Chamber  
  128  8:26  Mutalisk x2  
  128  8:27  Mutalisk x3  
  136  8:38  Drone  
  133  8:50  Roach x3  
  133  8:51  Overlord x4  
  133  8:53  Hatchery  
  136  9:07  Ravager  
  136  9:08  Ravager x2, Overlord  
  139  9:12  Hatchery  
  139  9:16  Roach  
  139  9:17  Roach x3  
  144  9:37  Mutalisk x2  
  144  9:38  Mutalisk x2  
  152  9:43  Spine Crawler  
  152  9:45  Spine Crawler  
  150  9:49  Mutalisk  
  150  9:52  Mutalisk  
  154  10:01  Roach x4  
  162  10:11  Roach  
  162  10:12  Roach x2  
  170  10:16  Queen, Drone  
  171  10:34  Mutalisk x3  
  167  10:56  Mutalisk x2  
  168  10:58  Zergling x2  
  169  11:09  Zergling x2  
  169  11:27  Overlord x3  
  169  11:28  Overlord  
  167  11:54  Mutalisk  
  167  11:55  Mutalisk x5  
  177  12:07  Hatchery  
  176  12:11  Hatchery  
  176  12:14  Zergling x2  
  174  12:18  Baneling Nest  
  173  12:30  Hatchery  
  172  12:40  Zergling x4  
  172  12:41  Zergling x8  
  153  13:20  Mutalisk x5  
  156  13:41  Baneling  
  156  13:42  Baneling x7  
  144  14:00  Drone x2  
  144  14:01  Drone  
  146  14:08  Mutalisk x2  
  150  14:16  Ravager x2  
  153  14:24  Drone  
  153  14:28  Ravager x3  
  81  15:15  Drone x3  
  67  15:27  Mutalisk x3  
  40  15:36  Mutalisk  
  40  15:41  Drone x2  
  42  15:56  Drone  
  37  16:12  Drone x2  
  41  16:25  Drone  
  40  17:00  Hatchery  
  27  18:05  Hatchery  
  22  19:28  Drone  
Show
View Real Time Build Order
Export as new Build Order

Has Protoss - Winner!

Build Orders: Nexus First, Zealot Archon, Dark Templar Rush 

Get SALT Encoding   

  12  0:01  Probe (Chrono Boost)  
  13  0:11  Probe (Chrono Boost)  
  14  0:18  Pylon  
  14  0:22  Probe (Chrono Boost)  
  15  0:36  Probe (Chrono Boost)  
  16  0:47  Probe (Chrono Boost)  
  17  0:57  Nexus  
  17  1:07  Gateway  
  18  1:11  Probe (Chrono Boost)  
  18  1:16  Assimilator  
  18  1:22  Probe (Chrono Boost)  
  18  1:24  Assimilator  
  19  1:32  Probe (Chrono Boost)  
  20  1:39  Pylon  
  20  1:43  Probe (Chrono Boost)  
  21  1:53  Probe (Chrono Boost)  
  22  2:00  Cybernetics Core  
  22  2:04  Probe (Chrono Boost)  
  23  2:10  Probe (Chrono Boost)  
  23  2:14  Probe (Chrono Boost)  
  25  2:15  Zealot  
  25  2:20  Probe (Chrono Boost)  
  28  2:25  Probe (Chrono Boost)  
  29  2:31  Probe (Chrono Boost)  
  29  2:35  Probe (Chrono Boost)  
  31  2:39  Twilight Council  
  31  2:40  Warp Gate (Chrono Boost)  
  31  2:43  Stalker (Chrono Boost)  
  33  2:44  Probe  
  35  2:55  Probe  
  34  3:00  Robotics Facility  
  35  3:06  Mothership Core  
  35  3:08  Pylon  
  35  3:10  Probe  
  37  3:15  Charge (Chrono Boost)  
  35  3:21  Probe  
  36  3:27  Probe  
  36  3:28  Gateway  
  36  3:31  Probe  
  36  3:33  Gateway  
  38  3:41  Gateway  
  38  3:47  Probe  
  39  3:48  Pylon  
  39  3:52  Dark Shrine  
  39  3:55  Probe  
  40  3:58  Probe  
  41  4:03  Warp Prism (Chrono Boost)  
  41  4:07  Probe  
  41  4:08  Probe  
  44  4:15  Pylon  
  45  4:19  Probe  
  45  4:20  Pylon  
  46  4:33  Pylon, Probe x2  
  50  4:45  Probe  
  51  4:46  Zealot x4  
  51  4:48  Probe  
  60  4:54  Pylon  
  60  4:57  Probe  
  59  5:08  Dark Templar x3  
  59  5:13  Probe x2  
  67  5:15  Assimilator  
  67  5:16  Assimilator  
  67  5:26  Probe x2  
  69  5:36  Immortal (Chrono Boost)  
  69  5:38  Probe x2  
  75  5:47  Sentry  
  77  5:51  Pylon  
  77  5:53  Pylon  
  77  5:56  Pylon, Gateway  
  77  5:58  Pylon, Gateway  
  77  6:00  Gateway  
  77  6:03  Gateway  
  77  6:10  Immortal (Chrono Boost)  
  77  6:11  Sentry x2  
  85  6:13  Pylon  
  85  6:15  Pylon  
  85  6:16  Pylon  
  85  6:27  Zealot x2  
  89  6:36  Pylon  
  89  6:43  Zealot x2  
  97  6:48  Zealot x2  
  97  6:57  Pylon  
  97  7:01  Dark Templar  
  97  7:02  Dark Templar x2  
  97  7:04  Zealot x2  
  97  7:05  Zealot  
  97  7:06  Archon x3  
  109  7:14  Zealot x2  
  113  7:34  Zealot x4  
  113  7:36  Zealot x3  
  127  7:44  Immortal (Chrono Boost)  
  129  7:47  Zealot  
  129  7:57  Dark Templar x2  
  129  7:58  Dark Templar x2  
  137  8:05  Pylon  
  137  8:06  Pylon x2  
  137  8:13  Zealot x2  
  137  8:15  Archon  
  137  8:19  Zealot  
  141  8:25  Nexus  
  141  8:26  Pylon  
  137  8:38  Dark Templar  
  137  8:39  Dark Templar  
  141  8:42  Dark Templar  
  141  8:43  Archon  
  141  8:47  Archon  
  141  8:52  Immortal (Chrono Boost)  
  145  9:19  Stalker  
  145  9:20  Stalker x4  
  145  9:23  Stalker  
  152  9:34  Blink  
  146  9:57  Probe x2  
  146  10:05  Stalker x2  
  150  10:09  Probe  
  151  10:21  Stalker  
  153  10:37  Stalker x2  
  153  10:38  Stalker x2  
  158  10:48  Probe  
  158  10:49  Probe x2  
  157  10:59  Probe  
  157  11:02  Immortal (Chrono Boost)  
  157  11:03  Probe  
  163  11:25  Stalker x2  
  161  11:26  Stalker  
  153  11:54  Stalker  
  153  11:55  Stalker x3  
  158  12:22  Stalker x4  
  166  12:23  Zealot  
  168  12:38  Zealot x2  
  168  12:39  Zealot  
  174  13:00  Zealot x4  
  170  13:29  Stalker x4  
  170  13:32  Assimilator  
  170  13:33  Assimilator  
  173  14:03  Zealot  
  173  14:04  Zealot x7  
  189  14:15  Pylon  
  113  15:02  Zealot x6  
  113  15:03  Zealot x2  
  105  15:25  Stalker x2  
  105  15:26  Stalker x2  
  81  15:44  Stalker x3  
  81  15:45  Stalker  
  77  15:58  Stalker  
  50  17:54  Stalker  
Tags
 
Add a new tag
Caveats
  • Supply blocks, unpowered buildings, or Contaminate may cause inaccurate times.
  • Supply counts are checked every 10 seconds.